 Dungeon Crawl Stone Soup version 0.23.2-33-g5129a83184 (webtiles) character file.

Game seed: 15214504683680683037

114 Descartes the Insei (level 4, 0/22 HPs)
             Began as a Vine Stalker Transmuter on July 25, 2019.
             Killed from afar by an orc wizard (3 damage)
             ... with a magic dart
             ... on level 3 of the Dungeon.
             The game lasted 00:07:00 (2770 turns).

Descartes the Insei (Vine Stalker Transmuter)       Turns: 2770, Time: 00:07:00

Health: 0/22       AC:  3    Str: 13    XL:     4   Next: 97%
Magic:  0/8        EV: 12    Int: 13    God:
Gold:   176        SH:  0    Dex: 13    Spells: 5/8 levels left

rFire    . . .     SeeInvis +   h - +0 dagger (curse)
rCold    . . .     Gourm    .   (no shield)
rNeg     . . .     Faith    .   j - +0 leather armour
rPois    +         Spirit   +   v - +0 helmet
rElec    .         Reflect  .   (no cloak)
rCorr    .         Harm     .   n - +0 pair of gloves
MR       .....                  (no boots)
Stlth    +.........             (no amulet)
HPRegen  0.47/turn              k - ring of see invisible
MPRegen  0.11/turn              (no ring)

@: confused
A: fangs 2, clumsy 1, deformed body, poison resistance, regeneration 1,
evolution 1, magic shield, antimagic bite, no potion heal 3, rot immunity
a: no special abilities


You were on level 3 of the Dungeon.
You were not hungry.

You visited 1 branch of the dungeon, and saw 4 of its levels.

You collected 176 gold pieces.

Inventory:

Hand Weapons
 h - a cursed +0 dagger (weapon)
 t - a +0 hunting sling
 u - a +1 dagger of venom
Missiles
 a - 31 arrows
 c - 27 bolts
 f - 146 stones (quivered)
 y - 8 tomahawks
Armour
 b - a +0 robe
 j - a +0 leather armour (worn)
 n - a +0 pair of gloves (worn)
 v - a +0 helmet (worn)
Jewellery
 k - a ring of see invisible (left hand)
Wands
 x - a wand of flame (13)
Scrolls
 e - a scroll of blinking
 g - a scroll of amnesia
 l - a scroll of teleportation {unknown}
 m - 2 scrolls of identify
 p - a scroll of fear {unknown}
 q - a scroll of random uselessness {unknown}
 r - a scroll of remove curse {unknown}
 s - a scroll of noise
 w - a scroll of magic mapping {unknown}
Potions
 i - a potion of curing
Comestibles
 d - 2 rations
 o - 4 chunks of flesh


   Skills:
 + Level 1.6 Fighting
 + Level 2.0 Dodging
 + Level 1.7 Stealth
 * Level 3.7 Unarmed Combat
 + Level 2.6 Spellcasting
 * Level 3.0 Transmutations


You had 5 spell levels left.
You knew the following spells:

 Your Spells              Type           Power        Failure   Level  Hunger
a - Beastly Appendage     Tmut           #.....       9%          1    #......
b - Sticks to Snakes      Tmut           #.......     13%         2    ###....

Your spell library contained the following spells:

 Spells                   Type           Power        Failure   Level  Hunger
 Spider Form              Tmut/Pois      #.........   45%         3    ###....
 Ice Form                 Ice/Tmut       #.......     86%         4    #####..
 Blade Hands              Tmut           #.........   94%         5    ######.


Dungeon Overview and Level Annotations

Branches:
Dungeon (4/15)
 Temple: D:4-7

Altars:
Makhleb
Nemelex Xobeh

Annotations:
D:2 Sigmund


Innate Abilities, Weirdness & Mutations

You have extremely sharp teeth.
Your natural rate of healing is unusually fast.
When hurt, damage is shared between your health and your magic reserves.
Your bite disrupts and absorbs the magic of your enemies.
Potions cannot restore your health.
You are immune to rotting.
You are clumsy. (Dex -2)
Armour fits poorly on your strangely shaped body.
Your system is resistant to poisons. (rPois)
You evolve.


Message History

You hit the orc wizard but do no damage.
The orc wizard is almost dead.
The orc wizard hits you but does no damage.
The orc closely misses you. The orc hits you with a +0 dagger.
You bump into the rock wall.
The orc hits you but does no damage.
The orc wizard gestures at you while chanting.
The puff of flame hits you!
* * * LOW HITPOINT WARNING * * *
You hit the orc wizard but do no damage.
Your bite misses the orc wizard.
The orc wizard is almost dead.
The orc hits you with a +0 dagger.
* * * LOW HITPOINT WARNING * * *
The orc wizard hits you but does no damage.
Some of the chunks of flesh in your inventory have rotted away.
The orc barely misses you.
The orc wizard points at you and mumbles some strange words.
The magic dart hits you.
You die...

### ######### ..#
#.......# ..#
#.......# ..#####
#.....@o# ......###
#)....o.# ..##....#
#.......#
.)##....###)......####
..##.................#
####..............##.#
#####..........##.#
###........##)#
###...#.###<#


You could see an orc wizard (invisible) and an orc.

Vanquished Creatures
  Terence (D:2)
  3 adders
  3 worms
  3 leopard geckos
  An orc (D:3)
  4 bats
  4 giant cockroaches
  12 goblins
  6 hobgoblins
  2 frilled lizards
  5 kobolds
  5 rats
49 creatures vanquished.

Notes
Turn   | Place    | Note
-------+----------+-------------------------------------------
     0 | D:1      | Descartes the Vine Stalker Transmuter began the quest for
                  | the Orb.
     0 | D:1      | Reached XP level 1. HP: 9/9 MP: 4/4
   254 | D:1      | Reached skill level 1 in Fighting
   257 | D:1      | Reached XP level 2. HP: 8/14 MP: 3/6
   864 | D:2      | Noticed Terence
   894 | D:2      | Killed Terence
   894 | D:2      | Reached skill level 1 in Stealth
   894 | D:2      | Reached XP level 3. HP: 6/18 MP: 4/7
  1220 | D:2      | Noticed Sigmund
  1702 | D:2      | Gained mutation: Your natural rate of healing is unusually
                  | fast. [Vine Stalker growth]
  1702 | D:2      | Reached XP level 4. HP: 12/22 MP: 6/8
  1720 | D:2      | Gained mutation: You have sharp fingernails. [potion of
                  | mutation]
  1720 | D:2      | Gained mutation: Armour fits poorly on your strangely
                  | shaped body. [potion of mutation]
  1720 | D:2      | Gained mutation: You possess an exceptional clarity of
                  | mind. [potion of mutation]
  1814 | D:2      | Lost mutation: You possess an exceptional clarity of mind.
                  | [potion of mutation]
  1814 | D:2      | Lost mutation: You have sharp fingernails. [potion of
                  | mutation]
  1814 | D:2      | Gained mutation: You evolve. [potion of mutation]
  1814 | D:2      | Gained mutation: You are clumsy. (Dex -2) [potion of
                  | mutation]
  1814 | D:2      | Gained mutation: Your system is resistant to poisons.
                  | (rPois) [potion of mutation]
  1836 | D:2      | Found a burning altar of Makhleb.
  2116 | D:3      | Learned a level 2 spell: Sticks to Snakes
  2346 | D:3      | Found a sparkling altar of Nemelex Xobeh.
  2770 | D:3      | Killed from afar by an orc wizard

Skill      XL: |  1  2  3  4 |
---------------+-------------+-----
Fighting       | 1 |  1.6
Stealth        | 1 |  1.7
Dodging        | 2 |  2.0
Transmutations | 3 |  3.0
Unarmed Combat | |  3.7
Spellcasting   | |  2.6

Action                   |  1- 3 |  4- 6 || total
-------------------------+-------+-------++-------
Melee: Dagger            |   117 |   130 ||   247
       Bite              |    33 |    30 ||    63
       Unarmed           |     4 |       ||     4
       Headbutt          |     1 |       ||     1
       Kick              |     4 |       ||     4
       Punch             |     1 |     2 ||     3
 Cast: Beastly Appendage |     3 |     2 ||     5
  Use: Scroll            |       |     5 ||     5
       Potion            |       |     2 ||     2
 Stab: Sleeping          |     1 |       ||     1
  Eat: Chunk             |     2 |     4 ||     6
Armor: Leather armour    |    23 |    35 ||    58
       Robe              |     1 |       ||     1
Dodge: Dodged            |    60 |    84 ||   144
